 Dungeon Crawl Stone Soup version 0.31-a0-261-g072fdb8a1f (webtiles) character file.

Game seed: 8758145796999034022

177 qw the Shooter (level 5, -4/32 HPs)
             Began as a Gargoyle Hexslinger on July 13, 2023.
             Killed from afar by Blork the orc (9 damage)
             ... with a magic dart
             ... on level 4 of the Dungeon.
             The game lasted 00:01:05 (2239 turns).

qw the Shooter (Gargoyle Hexslinger)                Turns: 2239, Time: 00:01:06

Health: -4/32      AC:  7    Str: 12    XL:     5   Next: 57%
Magic:  6/6        EV: 11    Int: 13    God:
Gold:   183        SH:  0    Dex: 14    Spells: 5/6 levels left

rFire   . . .        Y - +1 sling
rCold   . . .        (no shield)
rNeg    + . .        d - +0 leather armour
rPois   inf          (no helmet)
rElec   +            (no cloak)
rCorr   .            (no gloves)
SInv    .            (no boots)
Will    .....        (no amulet)
Stlth   +            (no ring)
HPRegen 1.05/turn    (no ring)
MPRegen 0.10/turn

%: no passive effects
@: about to teleport, flying
A: sickness immunity, AC +4, negative energy resistance 1, electricity
resistance, torment resistance 1, petrification resistance, big wings,
regeneration 1
a: no special abilities


You were on level 4 of the Dungeon.
You visited 1 branch of the dungeon, and saw 4 of its levels.

You collected 183 gold pieces.


Innate Abilities, Weirdness & Mutations

You are immune to sickness and miasma.
Your stone body is resilient. (AC +4)
You are immune to poison.
You resist negative energy. (rN+)
You are resistant to electric shocks. (rElec)
You are resistant to unholy torment.
You are immune to petrification.
Your large and strong wings let you fly.
Your natural rate of healing is unusually fast.


   Skills:
 + Level 2.9 Fighting
 - Level 5.0 Ranged Weapons
 - Level 1.5 Dodging
 - Level 1.0 Spellcasting
 - Level 2.6 Hexes


You had 5 spell levels left.
You knew the following spells:

 Your Spells              Type           Power      Damage    Failure   Level
a - Slow                  Hex            28%        N/A       12%         1

Your spell library contained the following spells:

 Spells                   Type           Power      Damage    Failure   Level
 Inner Flame              Hex/Fire       4%         N/A       52%         3
 Portal Projectile        Hex/Tloc       8%         N/A       52%         3
 Cause Fear               Hex            3%         N/A       75%         4

Inventory:

Hand Weapons
 Y - a +1 sling (weapon)
Armour
 d - a +0 leather armour (worn)
Scrolls
 a - a scroll of torment {unknown}
 f - a scroll of identify
Potions
 b - 2 potions of mutation
 c - a potion of curing
 g - a potion of berserk rage {unknown}
 h - a potion of magic {unknown}

Dungeon Overview and Level Annotations

Branches:
Dungeon (4/15)
 Temple: D:4-7

Altars:
Sif Muna

Annotations:
D:4 Blork the orc, Edmund


Message History

Edmund says, "I'm quite good with sums, too."
Edmund hits you but does no damage.
You shoot a sling bullet.
The sling bullet completely misses Edmund.
Edmund barely misses you.
You shoot a sling bullet.
The sling bullet hits Edmund but does no damage.
Edmund is moderately wounded.
Blork the orc screams, "I'll decorate my home with your organs!"
Blork the orc closely misses you.
You shoot a sling bullet.
The sling bullet hits Edmund but does no damage.
Edmund is moderately wounded.
Edmund hits you with a +1 heavy flail. Blork the orc closely misses you.
You shoot a sling bullet. The sling bullet closely misses Edmund.
Edmund hits you with a +1 heavy flail.
Blork the orc gestures at you while chanting.
The puff of flame hits you.
You shoot a sling bullet.
The sling bullet hits Edmund but does no damage.
Edmund is moderately wounded.
Blork the orc hits you with a +0 flail. Edmund barely misses you.
You shoot a sling bullet. The sling bullet hits Edmund.
Edmund is moderately wounded.
Blork the orc misses you. Blork the orc hits you with a +0 flail!
Edmund barely misses you.
You shoot a sling bullet. The sling bullet hits Edmund.
Edmund is moderately wounded.
Blork the orc misses you.
You shoot a sling bullet. The sling bullet hits Edmund.
Edmund is heavily wounded.
Edmund hits you with a +1 heavy flail!
Blork the orc hits you but does no damage.
2239 ||| READING scroll of teleportation.
As you read the scroll of teleportation, it crumbles to dust.
You feel strangely unstable. Edmund barely misses you.
Blork the orc casts a spell at you. The magic dart hits you!
You die...

# .. #. .# #. ..
#.####.# .. ...
#...#..# .###..#
###.#.# .......
####.....## ##.......
###....##..[###.......$
#...#######..##....<...
#.#####....)...@@......
#.# #..####.#o........
##.# #### #...........
#..# #.#.#....... ..##
#............ .##
#............ ##
#..##........ . ...#
......>. ..


You could see Edmund and Blork the orc.

Vanquished Creatures
  Natasha (D:3)
  A hound skeleton (D:3)
  7 adders
  An adder zombie (D:3)
  An adder skeleton (D:3)
  3 worms
  3 dart slugs
  6 endoplasms
  5 giant cockroaches
  4 hobgoblins
  5 jackals
  A quokka (D:3)
  A ball python skeleton (D:3)
  4 bats
  3 frilled lizards
  4 goblins
  2 kobolds (D:1)
  2 quokka zombies (D:3)
  6 rats
60 creatures vanquished.

Notes
Turn   | Place    | Note
-------+----------+-------------------------------------------
     0 | D:1      | qw the Gargoyle Hexslinger began the quest for the Orb.
     0 | D:1      | Reached XP level 1. HP: 12/12 MP: 2/2
     0 | D:1      | 0 ||| qw: Version: 0.3-a-52-g30416fa
     0 | D:1      | 0 ||| qw: Game counter: 6996
     0 | D:1      | 0 ||| qw: Melee chars always use a shield: true
     0 | D:1      | 0 ||| qw: God list: Okawaru
     0 | D:1      | 0 ||| qw: Allow faded altars: false
     0 | D:1      | 0 ||| qw: Do Orc after clearing Dungeon:15 true
     0 | D:1      | 0 ||| qw: Do second Lair branch before Depths: true
     0 | D:1      | 0 ||| qw: Lair rune preference: random
     0 | D:1      | 0 ||| qw: Goals: Normal
     0 | D:1      | 0 ||| PLANNING D:1-11
   131 | D:1      | You fall into a shaft and drop 1 floor!
   133 | D:2      | 133 ||| UPGRADING to +0 leather armour.
   143 | D:2      | 143 ||| DROPPING +0 robe.
   144 | D:2      | 144 ||| READING scroll labelled UCOCOE KUNKUEF.
   145 | D:2      | 145 ||| READING scroll labelled VOGHOF NAGED.
   146 | D:2      | 146 ||| DROPPING scroll of poison.
   155 | D:2      | Reached XP level 2. HP: 14/16 MP: 3/3
   166 | D:2      | 166 ||| FLEEEEING.
   169 | D:2      | 169 ||| FLEEEEING.
   170 | D:2      | 170 ||| STAIRDANCE
   319 | D:1      | Reached skill level 3 in Ranged Weapons
   440 | D:1      | Found a faded altar of an unknown god.
   687 | D:1      | 687 ||| READING scroll labelled BUTILOXKECS.
   688 | D:1      | 688 ||| READING scroll labelled CISUCU MODAMM.
   689 | D:1      | 689 ||| READING scroll labelled SUHOUCUEKH.
   690 | D:1      | 690 ||| READING scroll labelled XYBUFE TAAMO.
   725 | D:2      | Reached XP level 3. HP: 21/21 MP: 4/4
  1135 | D:2      | Reached XP level 4. HP: 23/26 MP: 5/5
  1228 | D:2      | Reached skill level 4 in Ranged Weapons
  1304 | D:2      | 1304 ||| READING scroll labelled ARADEU HUCWYSKIX.
  1305 | D:2      | 1305 ||| READING 2 scrolls labelled YSEGRATAMISM.
  1715 | D:3      | Reached XP level 5. HP: 28/30 MP: 6/6
  1723 | D:3      | 1723 ||| Stepping ~*~*~tactically~*~*~ (water).
  1726 | D:3      | 1726 ||| Stepping ~*~*~tactically~*~*~ (water).
  1819 | D:3      | Reached skill level 5 in Ranged Weapons
  2011 | D:3      | Found a shimmering blue altar of Sif Muna.
  2127 | D:3      | 2127 ||| READING scroll labelled ETTEATW ZISMEL.
  2128 | D:3      | 2128 ||| DRINKING 4 amethyst potions.
  2128 | D:3      | Gained mutation: You occasionally lose the ability to drink
                  | potions when taking damage. [potion of mutation]
  2128 | D:3      | Gained mutation: You are vulnerable to cold. (rC-) [potion
                  | of mutation]
  2128 | D:3      | Gained mutation: You are weak. (Str -2) [potion of
                  | mutation]
  2129 | D:3      | 2129 ||| DRINKING 3 potions of mutation.
  2129 | D:3      | Lost mutation: You are weak. (Str -2) [potion of mutation]
  2129 | D:3      | Lost mutation: You occasionally lose the ability to drink
                  | potions when taking damage. [potion of mutation]
  2129 | D:3      | Lost mutation: You are vulnerable to cold. (rC-) [potion of
                  | mutation]
  2129 | D:3      | Gained mutation: Your natural rate of healing is unusually
                  | fast. [potion of mutation]
  2129 | D:3      | Gained mutation: Your large and strong wings let you fly.
                  | [potion of mutation]
  2130 | D:3      | 2130 ||| READING 2 scrolls of identify.
  2130 | D:3      | 2130 ||| IDENTIFYING bubbling brown potion
  2172 | D:4      | Noticed Natasha
  2177 | D:4      | 2177 ||| STAIRDANCE
  2179 | D:3      | Killed Natasha
  2223 | D:4      | Noticed Edmund
  2224 | D:4      | Noticed Blork the orc
  2238 | D:4      | HP: 4/32 [Edmund/+1 heavy flail (9)]
  2239 | D:4      | 2239 ||| READING scroll of teleportation.
  2239 | D:4      | Killed from afar by Blork the orc

Levels and vault maps discovered:
D:1:      ldierk_walled_garden_2, layout_loops_ring,
          dreamdust_ecumenical_altar_hidden_monk_grotto
D:2:      layout_rooms, nrook_uturn, skrybe_limestone_x
D:3:      layout_loops_ring, led_sif_pool, serial_undead, serial_undead_e,
          serial_undead_d, serial_undead_c, serial_undead_f, serial_undead_e,
          serial_undead_a, kennysheep_pointless_box
D:4:      layout_rooms, ebering_ghost_rock_garden, uniq_sigmund, uniq_edmund,
          uniq_natasha, uniq_blork_the_orc, uniq_eustachio

Skill      XL: |  1  2  3  4  5 |
---------------+----------------+-----
Ranged Weapons | 3 4 5 |  5.0
Fighting       | 2 |  2.9
Dodging        | |  1.5
Spellcasting   | |  1.0
Hexes          | |  2.6

Action                     |  1- 3 |  4- 6 || total
---------------------------+-------+-------++-------
   Fire: Sling             |   120 |   152 ||   272
    Use: Scroll            |     6 |     5 ||    11
         Potion            |       |     2 ||     2
 Armour: Robe              |     8 |       ||     8
         Leather armour    |    34 |    33 ||    67
  Dodge: Dodged            |    56 |    58 ||   114

Table legend:
 A = Non-vault XP
 B = Vault XP
 C = Vault XP percentage of total XP
 D = Non-vault monster count
 E = Vault monster count
 F = Vault count percentage of total count
                 A         B        C        D         E       F
            +---------+---------+-------+---------+---------+-------
      Total |     186 |      68 |  26.8 |      53 |       7 |  11.7
            +---------+---------+-------+---------+---------+-------
        D:1 |      27 |       0 |   0.0 |      14 |       0 |   0.0
        D:2 |      76 |       0 |   0.0 |      22 |       0 |   0.0
        D:3 |      81 |      68 |  45.6 |      16 |       7 |  30.4
        D:4 |       2 |       0 |   0.0 |       1 |       0 |   0.0
            +---------+---------+-------+---------+---------+-------
